 Dungeon Crawl Stone Soup version 0.29-a0-284-gf9362112df (webtiles) character file.

Game seed: 5028562545519420903

63 spaghetti the Chopper (level 3, 29/29 HPs)
             Began as a Mummy Monk on Mar 22, 2022.
             Was a Believer of Wu Jian.
             Quit the game on level 2 of the Dungeon.
             The game lasted 00:02:04 (1650 turns).

spaghetti the Chopper (Mummy Monk)                  Turns: 1650, Time: 00:02:05

Health: 29/29      AC:  2    Str: 16    XL:     3   Next: 87%
Magic:  3/3        EV: 12    Int:  9    God:    Wu Jian [**....]
Gold:   126        SH:  0    Dex: 14    Spells: 2/2 levels left

rFire   . . .      SeeInvis .   a - +0 hand axe {axe}
rCold   + . .      Faith    .   (no shield)
rNeg    + + +      Spirit   .   b - +0 robe rPois โˆž Reflect .
                                (no helmet)
rElec   .          Harm     .   (no cloak)
rCorr   .          Rampage  .   (no gloves)
Will    .....                   (no boots)
Stlth   ++........              (no amulet)
HPRegen 0.09/turn               g - ring of protection from fire
MPRegen 0.08/turn               (no ring)

@: no status effects
A: cold resistance 1, negative energy resistance 3, torment resistance 2, heat
vulnerability 1, in touch with death 1, no potions
a: Renounce Religion, Wall Jump


You were on level 2 of the Dungeon.
You worshipped Wu Jian.
Wu Jian was pleased with you.
You visited 1 branch of the dungeon, and saw 4 of its levels.

You collected 126 gold pieces.


Innate Abilities, Weirdness & Mutations

You are immune to poison.
Your flesh is cold resistant. (rC+)
You are immune to negative energy. (rN+++)
You are immune to unholy pain and torment.
You are vulnerable to heat. (rF-)
You are in touch with the powers of death.
You do not drink.


   Skills:
 - Level 3.0 Fighting
 + Level 4.0 Axes
 - Level 2.4 Dodging
 - Level 1.5 Stealth


You had 2 spell levels left.
You didn't know any spells.
Your spell library contained the following spells:

 Spells                   Type           Power      Damage    Failure   Level
 Call Canine Familiar     Summ           0%         N/A       77%         3
 Portal Projectile        Hex/Tloc       0%         N/A       77%         3
 Tukima's Dance           Hex            0%         N/A       77%         3
 Leda's Liquefaction      Hex/Erth       0%         N/A       99%         4
 Passage of Golubria      Tloc           0%         N/A       99%         4
 Yara's Violent Unravell  Hex/Tmut       0%         3d3       100%        5

Inventory:

Hand Weapons
 a - a +0 hand axe (weapon) {axe}
 f - a +1 vorpal hunting sling {sling}
   (You found it on level 2 of the Dungeon)
Missiles
 e - 28 stones (quivered) {throwing}
 h - a silver boomerang {throwing}
Armour
 b - a +0 robe (worn)
Jewellery
 g - a ring of protection from fire (left hand)
   (You found it on level 2 of the Dungeon)
Scrolls
 c - a scroll of teleportation {@r4}
 d - 2 scrolls of immolation {!r!r}

Dungeon Overview and Level Annotations

Branches:
Dungeon (4/15)
 Temple: D:4-7

Altars:
Wu Jian
Yredelemnul

#.......###.....## #..###รท..
#.............### ##.###..รท
#<............#### #..##...
#.......###..)...#########.##_..
#.....โ€
...###.#.............####
#....>..#.##..#.#########.......
#.......#.............#####.....
#.......###..##.#####...###.....
#>......# #.###@# ###<..).....
#.......# #.# #...# #####.....
########## #.# ###.# #..... ..#
##.# ..# #..... ..# #..# ..#
#..... ..# #.## #.# #.#### ..#
#.# .g #.# ..# ##.# .. #.# ..#
##..# ###


You could see a goblin.


Message History

๐Ÿ˜Ž HP[+1]
Your hp is fully restored (29).
You hit the hobgoblin but do no damage. The hobgoblin misses you.
The hobgoblin closely misses you.
You slash the hobgoblin!
You kill the hobgoblin!
You now have 126 gold pieces (gained 46).
Key pressed, stopping explore.
Found a stone staircase leading down.
A goblin comes into view. It is wielding a +0 club.
A goblin is nearby!
A goblin is nearby!
A goblin is nearby!
You throw a stone {throwing}.
The stone {throwing} hits the goblin but does no damage.
The goblin shouts!
You throw a stone {throwing}. The stone {throwing} hits the goblin.
You throw a stone {throwing}. The stone {throwing} misses the goblin.
A giant cockroach comes into view.
You throw a stone {throwing}. The stone {throwing} hits the goblin.
You throw a stone {throwing}.
The stone {throwing} closely misses the goblin.
The stone {throwing} closely misses the giant cockroach.
You throw a stone {throwing}. The stone {throwing} hits the goblin.
You hit the goblin.
You kill the goblin!
You hit the giant cockroach but do no damage.
The giant cockroach bites you.
You hit the giant cockroach. The giant cockroach barely misses you.
The giant cockroach completely misses you.
You hit the giant cockroach.
You kill the giant cockroach!
No target in view! ๐Ÿ˜• HP[-1]
You take 1 damage, and now have 28/29 hp.
No target in view!
No target in view!
No target in view!
No target in view!
No target in view!
No target in view!
You see here a +0 club {mace}.
e - 23 stones {throwing} (gained 1)
e - 24 stones {throwing} (gained 1)
e - 25 stones {throwing} (gained 1)
e - 28 stones {throwing} (gained 3) Key pressed, stopping explore.
A rat comes into view.
Found two human skeletons.
Found a faded altar of an unknown god. ๐Ÿ˜Ž HP[+1]
Your hp is fully restored (29).
A rat is nearby!
A dart slug comes into view.
The rat barely misses you.
You see here a human skeleton.
You completely miss the rat. The rat barely misses you.
The rat attacks as you move away! The rat barely misses you.
The dart slug bites you. ๐Ÿ˜• HP[-3]
You take 3 damage, and now have 26/29 hp.
You slash the dart slug! You barely miss the rat. The rat closely misses you.
The dart slug barely misses you.
You hit the dart slug but do no damage. You closely miss the rat.
The rat misses you. The dart slug bites you. ๐Ÿ˜• HP[-1]
You take 1 damage, and now have 25/29 hp.
You hit the dart slug. You punch the dart slug.
You kill the dart slug!
You hit the rat. The rat closely misses you.
Your Axes skill increases to level 4!
The rat attacks as you move away! The rat bites you.
You see here a human skeleton. ๐Ÿ˜• HP[-2]
You take 2 damage, and now have 23/29 hp.
You hit the rat.
You kill the rat!
Things that are here:
a rat corpse; a human skeleton; ๐Ÿ˜• HP[+1]
You see here a human skeleton.
There is a faded altar of an unknown god here.
You cannot tell which god this altar belongs to.
Convert to them anyway?
Wu Jian accepts your prayer! The Council welcomes you!
You can now lightly attack monsters by moving around them.
You can now perform airborne attacks.
You can now perform damaging attacks by moving towards foes.
Unknown command.
Press < or > to pray at altars.
Aiming: Wall Jump
Press: ? - help, Dir - move target You see here a human skeleton.
Key pressed, stopping explore.
Things that are here:
a +0 short sword {short}; a +0 dagger {short} A goblin comes into view.
It is wielding a +0 dagger. ๐Ÿ˜Ž HP[+5]
Your hp is fully restored (29).
A goblin is nearby!
A goblin is nearby!
Are you sure you want to abandon this character and quit the game? (Confirm with "yes".)

Skill      XL: |  1  2  3 |
---------------+----------+-----
Axes           | 3 4 |  4.0
Fighting       | |  3.0
Dodging        | |  2.4
Stealth        | |  1.5

Action                   || total
-------------------------++-------
Melee: Hand axe          ||   126
       Punch             ||     1
Throw: Stone             ||    15
 Abil: Wall Jump         ||     1
  Use: Scroll            ||     3
 Stab: Sleeping          ||     3
Armor: Robe              ||    15
Dodge: Dodged            ||    78

Levels and vault maps discovered:
D:1:      roderic_crop_circles_arrival_small, layout_loops_ring, serial_shops,
          nicolae_shop_statue_plus
D:2:      layout_rooms, shapermc_ecumenical_altar_pompeii, minmay_unequal
D:3:      layout_loops_cross, yredelemnul_altar_generic
D:4:      layout_layer_cave, minmay_temple_entry_hall, uniq_robin,
          uniq_crazy_yiuf_cottage

Notes
Turn   | Place    | Note
-------+----------+-------------------------------------------
     0 | D:1      | spaghetti the Mummy Monk began the quest for the Orb.
     0 | D:1      | Reached XP level 1. HP: 18/18 MP: 1/1
     0 | D:1      | magus.rc [v1.9.6]
   379 | D:1      | Reached XP level 2. HP: 15/24 MP: 2/2
   512 | D:1      | Reached skill level 3 in Axes
   692 | D:3      | Found a basalt altar of Yredelemnul.
   846 | D:2      | Gained mutation: You are in touch with the powers of death.
                  | [Mummy growth]
   846 | D:2      | Reached XP level 3. HP: 23/29 MP: 3/3
   942 | D:2      | You add the spells Tukima's Dance, Passage of Golubria and
                  | Yara's Violent Unravelling to your library.
  1072 | D:2      | You pick up a book of the Hunter and begin reading...
  1072 | D:2      | You add the spells Call Canine Familiar, Portal Projectile
                  | and Leda's Liquefaction to your library.
  1539 | D:2      | Found a faded altar of an unknown god.
  1549 | D:2      | Reached skill level 4 in Axes
  1558 | D:2      | Prayed at the altar of an unknown god.
  1558 | D:2      | Became a worshipper of the Wu Jian Council
  1558 | D:2      | Reached * piety under Wu Jian
  1558 | D:2      | Reached ** piety under Wu Jian
  1650 | D:2      | Quit the game

Vanquished Creatures
  2 adders (D:2)
  A dart slug (D:2)
  An orc (D:2)
  4 ball pythons
  2 bats (D:2)
  4 giant cockroaches
  5 goblins
  5 hobgoblins
  6 kobolds
  3 quokkas
  2 frilled lizards
  2 rats
37 creatures vanquished.

Vanquished Creatures (others)
  18 plants (D:1)
18 creatures vanquished.

Grand Total: 55 creatures vanquished

Table legend:
 A = Non-vault XP
 B = Vault XP
 C = Vault XP percentage of total XP
 D = Non-vault monster count
 E = Vault monster count
 F = Vault count percentage of total count
                 A         B        C        D         E       F
            +---------+---------+-------+---------+---------+-------
      Total |      86 |       4 |   4.4 |      35 |       2 |   5.4
            +---------+---------+-------+---------+---------+-------
        D:1 |      16 |       0 |   0.0 |       9 |       0 |   0.0
        D:2 |      65 |       4 |   5.8 |      22 |       2 |   8.3
        D:3 |       4 |       0 |   0.0 |       3 |       0 |   0.0
        D:4 |       1 |       0 |   0.0 |       1 |       0 |   0.0
            +---------+---------+-------+---------+---------+-------

Illustrated notes

Table legend:
 A = Kills in this place as a percentage of kills in entire the game.
 B = Kills by you in this place as a percentage of kills by you in the entire game.
 C = Kills by friends in this place as a percentage of kills by friends in the entire game.
 D = Other kills in this place as a percentage of other kills in the entire game.
 E = Experience gained in this place as a percentage of experience gained in the entire game.
 F = Experience gained in this place divided by the number of levels of this place that you have seen.
                   A       B       C       D       E      F
               +-------+-------+-------+-------+-------+----------------------
         Total | 100.0 | 100.0 |   N/A |   N/A | 100.0 |  22.5
       Dungeon | 100.0 | 100.0 |   N/A |   N/A | 100.0 |  22.5
               +-------+-------+-------+-------+-------+----------------------

Table legend: (Time is in decaauts)
 A = Elapsed time spent in this place.
 B = Non-inter-level travel time spent in this place.
 C = Inter-level travel time spent in this place.
 D = Time resting spent in this place.
 E = Time spent auto-exploring this place.
 F = Levels seen in this place.
 G = Mean time per level.
                   A        B        C        D        E       F      G
               +--------+--------+--------+--------+--------+-----+--------+
         Total |   1669 |   1619 |     50 |    240 |   1020 |   4 |  417.2 |
       Dungeon |   1669 |   1619 |     50 |    240 |   1020 |   4 |  417.2 |
               +--------+--------+--------+--------+--------+-----+--------+

Top non-repeatable levels by time:
     D:2: 925 daAuts
     D:1: 566 daAuts
     D:3: 162 daAuts
     D:4: 15 daAuts
